 Dungeon Crawl Stone Soup version 0.23.0 (webtiles) character file.

Game seed: 17396397891180178918

1491925 SnubMonkey the Conqueror (level 27, 223/224 HPs)
             Began as a Halfling Earth Elementalist on Feb 13, 2019.
             Was the Champion of Okawaru.
             Escaped with the Orb
             ... and 3 runes!
             The game lasted 04:27:41 (102563 turns).

SnubMonkey the Conqueror (HaEE)                   Turns: 102563, Time: 04:27:42

Health: 223/224    AC: 43    Str: 21      XL:     27
Magic:  30/30      EV: 21    Int: 24      God:    Okawaru [******]
Gold:   2791       SH: 22    Dex: 20 (21) Spells: 26/30 levels left

rFire    + + +     SeeInvis +   a - +10 fustibalus of Suqemmyst {flame, Str+3}
rCold    + + .     Gourm    .   j - +0 shield {rN+}
rNeg     + . .     Faith    .   B - +9 gold dragon scales
rPois    +         Spirit   +   l - +0 hat of the Gate {*Drain +Blink Int+6 SInv}
rElec    .         Reflect  +   O - scarf {Spirit}
rCorr    .         Harm     .   M - +2 pair of gloves {archery}
MR       +++..                  c - +2 pair of boots {Fly}
Stlth    ..........             o - +4 amulet of reflection
HPRegen  0.47/turn              k - ring of Gozag's Generosity {MR+ Int+5 Dex+5}
MPRegen  0.22/turn              D - ring of Wufyuph {*Contam rF+ rC+ Dex-3}

@: hasted, very quick
A: small, beak, fire resistance 2, mutation resistance 1, MP-powered wands
0: Orb of Zot
}: 3/15 runes: decaying, serpentine, silver
a: Heroism, Finesse, Renounce Religion, Evoke Blink, Evoke Flight


You escaped.
You worshipped Okawaru.
Okawaru was exalted by your worship.
You were very full.

You visited 10 branches of the dungeon, and saw 50 of its levels.
You also visited: Trove, Ossuary, Ice Cave and Wizlab.

You collected 8448 gold pieces.
You spent 5657 gold pieces at shops.

Inventory:

Hand Weapons
 a - the +10 fustibalus of Suqemmyst (weapon) {flame, Str+3}
   (Okawaru gifted it to you on level 5 of the Vaults)

   It causes projectiles fired from it to burn those they strike, causing extra
   injury to most foes and up to half again as much damage against particularly
   susceptible opponents.
   It affects your strength (+3).
 b - the +1 fustibalus of Upheaval {flame, rElec Str+2}
   (Okawaru gifted it to you on level 2 of the Lair of Beasts)

   It causes projectiles fired from it to burn those they strike, causing extra
   injury to most foes and up to half again as much damage against particularly
   susceptible opponents.
   It affects your strength (+2).
   It insulates you from electricity.
 s - a +9 demon blade of freezing
Missiles
 i - 294 sling bullets (quivered)
 u - 275 stones
 E - 2 throwing nets
Armour
 c - a +2 pair of boots of flying (worn)
 j - a +0 shield of positive energy (worn)
 l - the +0 hat of the Gate (worn) {*Drain +Blink Int+6 SInv}
   (Okawaru gifted it to you on level 6 of the Lair of Beasts)

   It affects your intelligence (+6).
   It lets you see invisible.
   It lets you blink.
   It causes draining when unequipped.
 B - +9 gold dragon scales (worn)
 H - a +2 pair of boots of stealth
 K - a +2 shield of protection
 M - a +2 pair of gloves of archery (worn)
 O - a scarf of spirit shield (worn)
Jewellery
 f - the ring "Nofieviw" {rElec AC+2}
   (You took it off an ironbrand convoker on level 5 of the Vaults)

   [ring of protection]

   It affects your AC (+2).
   It insulates you from electricity.
 g - an uncursed ring of positive energy
 k - the ring of Gozag's Generosity (left hand) {MR+ Int+5 Dex+5}
   (You found it in an ice cave)

   [ring of intelligence]

   It affects your intelligence (+5).
   It affects your dexterity (+5).
   It affects your resistance to hostile enchantments.
 n - an uncursed ring of resist corrosion
 o - a +4 amulet of reflection (around neck)
 D - the ring of Wufyuph (right hand) {*Contam rF+ rC+ Dex-3}
   (You bought it in a shop on level 4 of the Depths)

   [ring of dexterity]

   It affects your dexterity (-3).
   It protects you from fire.
   It protects you from cold.
   It causes magical contamination when unequipped.
 Y - the ring of Doubts {*Slow +Inv rN+ MR+ Int+2}
   (You found it on level 4 of the Realm of Zot)

   [ring of positive energy]

   It affects your intelligence (+2).
   It protects you from negative energy.
   It affects your resistance to hostile enchantments.
   It lets you turn invisible.
   It may slow you when you take damage.
 Z - the ring of the Mage {Wiz MR++ Int+3}
   (You found it in an ice cave)

   [ring of wizardry]

   It improves your spell success rate.
   It affects your intelligence (+3).
   It affects your resistance to hostile enchantments.
Wands
 w - a wand of scattershot (12)
 y - a wand of digging (18)
 Q - a wand of clouds (9)
 S - a wand of acid (28)
 T - a wand of iceblast (18)
Scrolls
 d - 16 scrolls of teleportation
 p - 11 scrolls of fear
 q - 26 scrolls of identify
 C - 4 scrolls of blinking
 G - a scroll of magic mapping
 P - 21 scrolls of remove curse
 R - a scroll of holy word
 U - a scroll of silence
 V - 6 scrolls of fog
Potions
 h - 5 potions of resistance
 m - 5 potions of cancellation
 r - 9 potions of berserk rage
 t - 9 potions of brilliance
 v - 4 potions of ambrosia
 x - 7 potions of magic
 z - 8 potions of mutation
 A - 6 potions of heal wounds
 F - 2 potions of curing
 I - a potion of agility
 J - 9 potions of might
 L - 2 potions of haste
 N - 3 potions of invisibility
Miscellaneous
 W - 4 boxes of beasts
 X - a lamp of fire
Comestibles
 e - 39 rations


   Skills:
 O Level 27 Fighting
 - Level 14.0 Slings
 + Level 26.2 Armour
 + Level 21.6 Dodging
 - Level 2.1 Stealth
 - Level 21.0 Shields
 - Level 2.0 Spellcasting
   Level 0.5 Transmutations
 - Level 3.8 Earth Magic
 - Level 10.0 Invocations
 - Level 5.4 Evocations


You had 26 spell levels left.
You knew the following spells:

 Your Spells              Type           Power        Failure   Level  Hunger
a - Sandblast             Erth           ###...       26%         1    #......
b - Apportation           Tloc           #.....       77%         1    #......
c - Blink                 Tloc           N/A          88%         2    ##.....

Your spell library contained the following spells:

 Spells                   Type           Power        Failure   Level  Hunger
 Passwall                 Tmut/Erth      ##......     63%         2    ##.....
 Beastly Appendage        Tmut           #.....       71%         1    #......
 Animate Skeleton         Necr           N/A          77%         1    #......
 Confusing Touch          Hex            #.....       77%         1    #......
 Corona                   Hex            #......      77%         1    #......
 Flame Tongue             Conj/Fire      #....        77%         1    #......
 Freeze                   Ice            #...         77%         1    #......
 Magic Dart               Conj           #...         77%         1    #......
 Pain                     Necr           #...         77%         1    #......
 Shock                    Conj/Air       #...         77%         1    #......
 Sting                    Conj/Pois      #...         77%         1    #......
 Summon Butterflies       Summ           #.......     77%         1    #......
 Summon Small Mammal      Summ           #...         77%         1    #......
 Sticks to Snakes         Tmut           #.......     83%         2    ##.....
 Stone Arrow              Conj/Erth      ##....       87%         3    ###....
 Call Imp                 Summ           #.......     88%         2    ##.....
 Corpse Rot               Necr           N/A          88%         2    ##.....
 Poisonous Vapours        Pois/Air       #.....       88%         2    ##.....
 Searing Ray              Conj           #.....       88%         2    ##.....
 Shroud of Golubria       Chrm/Tloc      #.........   88%         2    ##.....
 Slow                     Hex            #.......     88%         2    ##.....
 Sublimation of Blood     Necr           #.........   88%         2    ##.....
 Swiftness                Chrm/Air       #.......     88%         2    ##.....
 Throw Flame              Conj/Fire      #.....       88%         2    ##.....
 Throw Frost              Conj/Ice       #.....       88%         2    ##.....
 Call Canine Familiar     Summ           #.......     98%         3    ###....
 Confuse                  Hex            #.......     98%         3    ###....
 Conjure Flame            Conj/Fire      #.......     98%         3    ###....
 Dazzling Spray           Conj/Hex       #.....       98%         3    ###....
 Gell's Gravitas          Tloc           #.........   98%         3    ###....
 Ignite Poison            Fire/Tmut/Pois #.......     98%         3    ###....
 Inner Flame              Hex/Fire       #.......     98%         3    ###....
 Lesser Beckoning         Tloc           #.........   98%         3    ###....
 Mephitic Cloud           Conj/Pois/Air  #.......     98%         3    ###....
 Ozocubu's Armour         Chrm/Ice       #.......     98%         3    ###....
 Portal Projectile        Hex/Tloc       #.....       98%         3    ###....
 Regeneration             Chrm/Necr      #.........   98%         3    ###....
 Spider Form              Tmut/Pois      #.........   98%         3    ###....
 Static Discharge         Conj/Air       #.......     98%         3    ###....
 Summon Guardian Golem    Hex/Summ       #.......     98%         3    ###....
 Teleport Other           Tloc           #.......     98%         3    ###....
 Vampiric Draining        Necr           #.........   98%         3    ###....
 Leda's Liquefaction      Hex/Erth       ##........   99%         4    #####..
 Petrify                  Tmut/Erth      ##......     99%         4    #####..
 Airstrike                Air            #.........   100%        4    #####..
 Animate Dead             Necr           N/A          100%        4    #####..
 Cause Fear               Hex            #.........   100%        4    #####..
 Force Lance              Conj/Tloc      #.......     100%        4    #####..
 Fulminant Prism          Conj/Hex       #.........   100%        4    #####..
 Ice Form                 Ice/Tmut       #.......     100%        4    #####..
 Iskenderun's Mystic Bla  Conj           #.......     100%        4    #####..
 Olgreb's Toxic Radiance  Pois           #.......     100%        4    #####..
 Sticky Flame             Conj/Fire      #.......     100%        4    #####..
 Summon Ice Beast         Ice/Summ       #.......     100%        4    #####..
 Summon Lightning Spire   Summ/Air       #.......     100%        4    #####..
 Throw Icicle             Conj/Ice       #.......     100%        4    #####..
 Agony                    Necr           #.......     100%        5    ######.
 Alistair's Intoxication  Tmut/Pois      #.......     100%        5    ######.
 Blade Hands              Tmut           #.........   100%        5    ######.
 Bolt of Draining         Conj/Necr      #.........   100%        5    ######.
 Bolt of Magma            Conj/Fire/Erth #.........   100%        5    ######.
 Dispel Undead            Necr           #.......     100%        5    ######.
 Excruciating Wounds      Chrm/Necr      #.........   100%        5    ######.
 Fireball                 Conj/Fire      #.........   100%        5    ######.
 Irradiate                Conj/Tmut      #.........   100%        5    ######.
 Lee's Rapid Deconstruct  Erth           ###.......   100%        5    ######.
 Lightning Bolt           Conj/Air       #.........   100%        5    ######.
 Metabolic Englaciation   Hex/Ice        #.........   100%        5    ######.
 Summon Demon             Summ           #.........   100%        5    ######.
 Summon Mana Viper        Hex/Summ       #.......     100%        5    ######.
 Venom Bolt               Conj/Pois      #.........   100%        5    ######.
 Yara's Violent Unravell  Hex/Tmut       #.........   100%        5    ######.
 Bolt of Fire             Conj/Fire      #.........   100%        6    #######
 Death Channel            Necr           #.........   100%        6    #######
 Freezing Cloud           Conj/Ice/Air   #.........   100%        6    #######
 Hydra Form               Tmut           #.........   100%        6    #######
 Iron Shot                Conj/Erth      ##........   100%        6    #######
 Statue Form              Tmut/Erth      ##.......    100%        6    #######
 Dragon Form              Tmut           #.........   100%        7    #######
 Ring of Flames           Chrm/Fire      #.........   100%        7    #######
 Controlled Blink         Tloc           N/A          100%        8    #######
 Ignition                 Fire           #.........   100%        8    #######
 Dragon's Call            Summ           #.........   100%        9    #######
 Fire Storm               Conj/Fire      #.........   100%        9    #######
 Shatter                  Erth           ###.......   100%        9    #######
 Tornado                  Air            #.........   100%        9    #######
 Passage of Golubria      Tloc           Unusable     N/A         4    N/A

Dungeon Overview and Level Annotations

Branches:
Dungeon (15/15)            Temple (1/1) D:5            Lair (6/6) D:11
  Swamp (4/4) Lair:3        Snake (4/4) Lair:3        Slime (0/5) Lair:6
    Orc (2/2) D:12            Elf (3/3) Orc:2        Vaults (5/5) D:14
  Crypt (0/3) Vaults:2     Depths (5/5) D:15            Zot (5/5) Depths:5

Altars:
Ashenzari
Cheibriados
Dithmenos
Elyvilon
Fedhas
Gozag
Hepliaklqana
Kikubaaqudgha
Makhleb
Nemelex Xobeh
Okawaru
Qazlal
Ru
Sif Muna
Trog
Uskayaw
Vehumet
Wu Jian
Xom
Yredelemnul
Zin
The Shining One
Jiyva

Shops:
D:8 [   D:11 }   Orc:1 }**}*   Orc:2 ((!}!   Elf:1 :   Elf:2 *   Snake:1 (
Snake:3 *   Snake:4 *   Vaults:4 }   Depths:4 =}=

Portals:
Hell: Depths:1 Depths:2 Depths:3 Depths:4 Depths:5
Abyss: Depths:1 Depths:3 Depths:4
Pandemonium: Orc:2 Depths:3 Depths:5
Ziggurat: Depths:1

Annotations:
Snake:2 2 transporters, Uhlv's ghost, adept TrWn
Elf:2 2 transporters, 3 runed translucent doors, Fuonemn's ghost, veteran DDBe
Depths:1 1 runed translucent door


Innate Abilities, Weirdness & Mutations

You are small and have problems with some larger weapons.
You are somewhat resistant to further mutation.
You have a beak for a mouth.
Your flesh is very heat resistant. (rF++)
You expend magic power (3 MP) to strengthen your wands.


Message History

(D) Dungeon (T) Temple (L) Lair (S) Swamp (P) Snake Pit (M) Slime Pits (O) Orcish Mines (E) Elven Halls (V) Vaults (C) Crypt (U) Depths (H) Hell (Z) Zot
Where to? (Enter - D:1 @ (x,y), ? - help) Magic restored.
A Hell Sentinel comes into view.
You feel yourself speed up.
(D) Dungeon (T) Temple (L) Lair (S) Swamp (P) Snake Pit (M) Slime Pits (O) Orcish Mines (E) Elven Halls (V) Vaults (C) Crypt (U) Depths (H) Hell (Z) Zot
Where to? (Enter - D:1 @ (x,y), ? - help)
There is a stone staircase leading up here.
You climb upwards.
There is a stone staircase leading down here.
There is an open door here.
There is a large open door here.
There is a staircase leading out of the dungeon here.
You have escaped!

##...≈≈≈≈≈≈≈≈≈≈≈≈≈≈≈≈≈≈≈≈≈≈≈....#
##...≈≈≈≈≈≈≈≈≈≈≈≈≈≈≈≈≈≈≈≈≈≈≈.....
##...≈≈≈≈≈≈≈≈≈≈≈≈≈≈≈≈≈≈≈≈≈≈≈....#
'....≈≈≈#'#+#≈≈≈≈≈≈≈#+#'#≈≈≈.....
#....≈≈≈'...##+###'##...'≈≈≈....#
#....≈≈≈'...#.......#...'≈≈≈....#
#....≈≈≈#'###.#####.#'#'#≈≈≈.....
#....≈≈≈≈≈'...#...#...#≈≈≈≈.....#
#....≈≈≈≈≈#.###.@.'.⌠.'≈≈≈..⌠....
#....≈≈≈≈≈#.###...'.⌠.'≈≈≈..⌠...#
#....≈≈≈≈≈+...#...#...#≈≈≈≈.....#
#....≈≈≈#+###.#####.###+#≈≈≈....#
#....≈≈≈'...'.......'...'≈≈≈....#
#....≈≈≈'...##'###+##..>'≈≈≈.....
#....≈≈≈#+#'#≈≈≈≈≈≈≈#'#+#≈≈≈....#
#....≈≈≈≈≈≈≈≈≈≈≈≈≈≈≈≈≈≈≈≈≈≈≈....#
#....≈≈≈≈≈≈≈≈≈≈≈≈≈≈≈≈≈≈≈≈≈≈≈....#


There were no monsters in sight!

Vanquished Creatures
  8 ancient liches
  8 orbs of fire
  A juggernaut (Depths:4)
  Margery (Vaults:4)
  Saint Roka (Snake:2)
  9 Killer Klowns
  Xtahua (Vaults:5)
  2 curse toes
  Jory (Vaults:3)
  2 caustic shrikes
  Nikola (Vaults:2)
  12 golden dragons
  4 electric golems
  A hellephant (Zot:2)
  An Ice Fiend (D:10)
  20 tentacled monstrosities
  3 liches
  26 Orb Guardians
  4 titans
  4 deep elf blademasters (Elf:3)
  A deep elf master archer (Elf:3)
  5 quicksilver dragons
  7 sphinxes
  16 death cobs
  An Executioner (Depths:5)
  3 thorn hunters (Swamp:4)
  15 storm dragons
  Agnes (D:14)
  10 shadow dragons
  7 tengu reavers
  10 nagarajas
  18 fire giants
  An azure jelly (shapeshifter) (Vaults:5)
  7 draconian monks
  7 frost giants
  6 draconian knights
  12 deep elf sorcerers
  6 iron dragons
  2 draconian scorchers
  A ghost moth (Zot:4)
  5 draconian shifters
  An orc warlord (Orc:1)
  14 vault wardens
  A ghoul (Swamp:2)
  3 draconian stormcallers (Zot:3)
  A deep elf elementalist (Elf:3)
  2 spriggan defenders
  12 ironheart preservers
  29 very ugly things
  15 stone giants
  2 entropy weavers
  9 green draconians
  6 draconian annihilators
  4 war gargoyles
  12 deep elf annihilators
  A vampire knight (Depths:1)
  19 black draconians
  16 white draconians
  10 deep elf demonologists
  6 spark wasps
  7 red draconians
  The ghost of Gonodgh the Peltast, a journeyman MiFi of Cheibriados (D:13)
  9 purple draconians
  8 yellow draconians
  16 ettins
  7 deep elf death magi
  Snorg (D:13)
  2 merfolk impalers
  13 fire dragons
  6 deep elf high priests
  13 yaktaur captains
  7 great orbs of eyes
  37 vault guards
  4 rakshasas
  A hell beast (Depths:4)
  12 ice dragons
  26 hydras
  2 ghost crabs
  2 spriggan air magi (Depths:4)
  12 alligators
  17 naga warriors
  14 ogre magi
  40 two-headed ogres
  10 dancing weapons
  3 death knights
  13 centaur warriors
  4 vampire magi
  10 anacondas
  9 tengu warriors
  A shambling mangrove (Swamp:4)
  11 deep troll earth magi
  13 deep troll shamans
  7 naga sharpshooters
  5 orc high priests (Orc:2)
  10 shock serpents
  The ghost of theswoord the Cleaver, a novice DsAK of Lugonu (D:12)
  3 spriggan berserkers
  A storm dragon zombie (Vaults:3)
  2 soul eaters (Depths:2)
  The ghost of happinesssam the Cleaver, a novice MiBe of Trog (D:7)
  Sonja (Lair:4)
  13 deep elf knights
  3 iron trolls
  13 skeletal warriors
  2 shadow wraiths (Vaults:1)
  4 large abominations
  6 hell knights
  7 unseen horrors
  A shadow demon (Zot:4)
  An infernal demonspawn (Orc:2)
  2 glowing orange brains
  10 naga ritualists
  27 deep trolls
  15 swamp dragons
  An unseen horror (shapeshifter) (Depths:1)
  11 wizards
  3 gelid demonspawn
  12 deep elf archers
  2 spriggan druids (Swamp:4)
  A wolf spider zombie (D:13)
  4 harpies (Vaults:4)
  2 phantasmal warriors (Vaults:5)
  15 ironbrand convokers
  13 orc knights
  6 necromancers
  3 wolf spiders
  10 mana vipers
  49 deep elf magi
  A shadow dragon skeleton (Vaults:3)
  3 oklob plants
  8 orc sorcerers
  5 manticores
  2 stone giant skeletons (Vaults:2)
  A salamander (shapeshifter) (Vaults:1)
  47 ugly things
  6 cyclopes
  6 salamanders
  2 human zombies
  34 black mambas
  12 elephants
  22 moths of wrath
  3 centaur zombies
  A titan simulacrum (Vaults:5)
  An eye of devastation (shapeshifter) (Vaults:3)
  7 guardian serpents
  A rust devil (Depths:4)
  3 molten gargoyles (Elf:1)
  30 naga magi
  2 smoke demons (Depths:1)
  3 gargoyles
  2 ice statues (IceCv)
  3 frost giant skeletons
  10 vault sentinels
  16 spiny frogs
  A spiny frog (shapeshifter) (D:15)
  14 komodo dragons
  An orange demon (Depths:3)
  A torpor snail (shapeshifter) (Depths:5)
  An elf zombie (Vaults:5)
  3 centaur skeletons
  An efreet (D:13)
  7 freezing wraiths
  3 ice devils
  24 yaktaurs
  A tormentor (Depths:3)
  3 tengu conjurers
  2 rime drakes (IceCv)
  8 trolls
  3 hellwings (Depths:1)
  A red devil (Depths:4)
  2 queen bees (shapeshifter)
  6 meliai
  A jumping spider (shapeshifter) (Vaults:3)
  A queen bee (Lair:6)
  A troll (shapeshifter) (Depths:1)
  7 tyrant leeches
  An ettin zombie (Depths:2)
  32 slime creatures
  6 polar bears
  14 hornets
  A polar bear (shapeshifter) (D:12)
  25 blink frogs
  A raiju (shapeshifter) (Depths:1)
  A blink frog (shapeshifter) (Depths:1)
  11 hippogriffs
  A stone giant simulacrum (Vaults:5)
  9 dream sheep
  15 bog bodies
  A dream sheep (shapeshifter) (Vaults:5)
  A fire giant simulacrum (Vaults:2)
  A meliai zombie (D:13)
  5 flying skulls (Depths:4)
  5 redbacks
  2 ettin skeletons
  A shadow (D:13)
  A centaur simulacrum (D:15)
  A ynoxinul (Depths:3)
  10 water elementals
  36 yaks
  2 humans (shapeshifter)
  22 spriggans
  5 wraiths
  A steam dragon (D:13)
  6 fire elementals
  4 golden eyes (Depths:5)
  Grum (D:9)
  3 basilisks
  5 chaos spawn
  6 humans (Zot:2)
  24 vampire mosquitoes
  2 basilisks (shapeshifter)
  2 hungry ghosts (D:15)
  3 neqoxecs (Orc:2)
  2 hogs (Lair:4)
  56 nagas
  19 insubstantial wisps
  6 wargs
  18 swamp worms
  A soldier ant (D:15)
  6 acid dragons
  12 water moccasins
  A deep troll skeleton (Vaults:2)
  7 porcupines
  15 swamp drakes
  44 orc warriors
  8 small abominations (Depths:3)
  18 ice beasts
  A sky beast (D:8)
  5 necrophages
  25 boggarts
  41 ogres
  2 eyes of draining (shapeshifter)
  10 black bears
  2 black bears (shapeshifter)
  2 eyes of draining
  A phantom (D:7)
  An orc skeleton (Vaults:2)
  46 wolves
  4 human skeletons (Vaults:2)
  29 centaurs
  12 crocodiles
  6 big kobolds
  An elf skeleton (Vaults:2)
  25 bullfrogs
  An earth elemental (Elf:3)
  A water moccasin zombie (D:10)
  A deep troll simulacrum (Vaults:1)
  A glowing shapeshifter simulacrum (Vaults:3)
  A wyvern skeleton (D:10)
  8 scorpions
  16 killer bees (Lair:6)
  10 wights
  A vampire bat (D:3)
  2 electric eels (Lair:4)
  4 howler monkeys
  3 bullfrog zombies
  6 crimson imps
  A human simulacrum (Vaults:2)
  2 quasits
  7 bullfrog skeletons
  7 hounds
  8 jellies
  A gnoll shaman (D:9)
  34 orc priests
  6 iguanas
  19 orc wizards
  10 worker ants
  A hound zombie (D:9)
  8 mummies (Ossuary)
  A worker ant zombie (D:6)
  6 gnolls
  A howler monkey skeleton (D:8)
  8 adders
  7 shadow imps
  2 white imps (Depths:3)
  2 ufetubi (Depths:3)
  An ooze (D:5)
  An adder zombie (D:9)
  2 worms
  2 dart slugs
  3 fire bats (D:3)
  6 leopard geckos
  97 orcs
  2 spectral bats (D:3)
  3 bat skeletons (D:3)
  A bat zombie (D:3)
  2 giant cockroaches
  11 goblins
  11 hobgoblins
  18 jackals
  19 kobolds
  4 quokkas
  3 ball pythons
  15 bats
  A bat simulacrum (D:3)
  7 frilled lizards
  2 gnoll zombies (Ossuary)
  A hobgoblin zombie (Ossuary)
  A jackal zombie (D:5)
  2 kobold zombies (Ossuary)
  3 orc zombies (Ossuary)
  3 quokka zombies
  12 rats
  2 crawling corpses (Vaults:5)
  A plant (D:11)
2450 creatures vanquished.

Vanquished Creatures (others)
  A deep elf master archer (Elf:3)
  Kirke (Lair:4)
  An ironheart preserver (Vaults:5)
  2 stone giants
  A yaktaur captain (Vaults:1)
  A vampire mage (Depths:1)
  6 centaur warriors
  A deep elf knight (Vaults:1)
  2 naga sharpshooters
  8 deep elf archers
  A cyclops (Vaults:2)
  An orc knight (Orc:2)
  A moth of wrath (Zot:3)
  A black mamba (Snake:4)
  14 yaktaurs
  A polar bear (Lair:4)
  A naga (Snake:3)
  An ogre (Vaults:3)
  9 centaurs
  20 fungi
  16 pillars of salt (Vaults:2)
  51 plants
141 creatures vanquished.

Grand Total: 2591 creatures vanquished

Notes
Turn   | Place    | Note
-------+----------+-------------------------------------------
     0 | D:1      | SnubMonkey the Halfling Earth Elementalist began the quest
                  | for the Orb.
     0 | D:1      | Reached XP level 1. HP: 11/11 MP: 3/3
   400 | D:1      | Reached XP level 2. HP: 18/18 MP: 1/4
   909 | D:1      | Reached XP level 3. HP: 22/22 MP: 5/5
  1383 | D:2      | Found a radiant altar of Vehumet.
  1430 | D:2      | Reached skill level 1 in Fighting
  1649 | D:2      | Found a burning altar of Makhleb.
  1768 | D:2      | Reached XP level 4. HP: 21/28 MP: 7/7
  1849 | D:2      | Reached skill level 1 in Slings
  2161 | D:2      | Found a deep blue altar of Sif Muna.
  2264 | D:2      | Found a blossoming altar of Fedhas.
  2633 | D:3      | Reached skill level 1 in Armour
  2956 | D:3      | Reached XP level 5. HP: 34/34 MP: 8/8
  3214 | D:3      | Reached skill level 2 in Fighting
  3214 | D:3      | Reached XP level 6. HP: 39/39 MP: 9/9
  3582 | D:3      | Found a glowing golden altar of the Shining One.
  3583 | D:3      | Found a sacrificial altar of Ru.
  3663 | D:4      | Found a sand-covered staircase.
  3724 | Ossuary  | Entered an ossuary
  3803 | Ossuary  | Reached skill level 5 in Slings
  3975 | Ossuary  | Reached skill level 1 in Shields
  4036 | Ossuary  | Reached XP level 7. HP: 19/45 MP: 10/10
  5171 | D:4      | Reached skill level 3 in Fighting
  6006 | D:4      | Reached XP level 8. HP: 25/52 MP: 11/11
  6326 | D:4      | Found a stormy altar of Qazlal.
  6326 | D:4      | Found an opulent altar of Gozag.
  6374 | D:5      | Entered Level 5 of the Dungeon
  6501 | D:5      | Got a transparent rapier
  6504 | D:5      | Identified the +11 rapier of Arbitration {antimagic, Str+2}
                  | (You found it on level 5 of the Dungeon)
  6687 | D:5      | Found a staircase to the Ecumenical Temple.
  6712 | Temple   | Entered the Ecumenical Temple
  6759 | Temple   | Became a worshipper of Warmaster Okawaru
  6888 | D:5      | Reached skill level 4 in Fighting
  7242 | D:5      | Noticed a moth of wrath
  7244 | D:5      | Found a bloodstained altar of Trog.
  7912 | D:6      | Found an ornate altar of the Wu Jian Council.
  8005 | D:6      | Found a hazy altar of Hepliaklqana.
  8637 | D:5      | Reached XP level 9. HP: 55/59 MP: 12/12
  8685 | D:5      | Reached skill level 10 in Slings
  9396 | D:7      | Reached * piety under Okawaru
  9396 | D:7      | Reached skill level 5 in Shields
  9613 | D:7      | Reached skill level 5 in Fighting
 10081 | D:7      | Noticed a skeletal warrior
 10081 | D:7      | Noticed happinesssam's ghost (novice MiBe)
 10090 | D:7      | Found a runed translucent gate.
 10090 | D:7      | Found a runed translucent gate.
 10090 | D:7      | Found a runed translucent gate.
 10334 | D:7      | Noticed a gargoyle
 10370 | D:7      | Killed a gargoyle
 10370 | D:7      | Reached ** piety under Okawaru
 10370 | D:7      | Reached skill level 1 in Invocations
 10753 | D:8      | Reached XP level 10. HP: 68/68 MP: 13/13
 11008 | D:8      | Reached skill level 6 in Fighting
 11017 | D:8      | Found a snail-covered altar of Cheibriados.
 11217 | D:8      | Found a shadowy altar of Dithmenos.
 11689 | D:8      | Found Hoysal's Antique Armour Shoppe.
 11692 | D:8      | Bought a pair of glowing gloves for 240 gold pieces
 11773 | D:7      | Reached *** piety under Okawaru
 11938 | D:7      | Reached skill level 5 in Armour
 12190 | D:8      | Noticed a two-headed hydra
 12295 | D:8      | Killed a two-headed hydra
 12295 | D:8      | Received a gift from Okawaru
 12295 | D:8      | Reached skill level 7 in Fighting
 12295 | D:8      | Reached skill level 5 in Invocations
 12499 | D:9      | Received a gift from Okawaru
 12826 | D:8      | Reached XP level 11. HP: 68/75 MP: 15/15
 13301 | D:9      | Noticed Grum
 13479 | D:9      | Killed Grum
 13479 | D:9      | Reached **** piety under Okawaru
 13786 | D:9      | Reached skill level 8 in Fighting
 14086 | D:10     | Entered Level 10 of the Dungeon
 14393 | D:10     | Noticed a manticore
 14469 | D:10     | Noticed a centaur warrior
 14476 | D:10     | Killed a centaur warrior
 14940 | D:10     | Reached skill level 9 in Fighting
 14960 | D:10     | Received a gift from Okawaru
 15225 | D:10     | Noticed a two-headed ogre
 15472 | D:10     | Killed a two-headed ogre
 15611 | D:10     | Killed a manticore
 16403 | D:10     | Received a gift from Okawaru
 16426 | D:10     | Reached XP level 12. HP: 59/86 MP: 17/17
 16687 | D:10     | Received a gift from Okawaru
 16731 | D:10     | Noticed a fire giant
 16731 | D:10     | Noticed a stone giant
 17167 | D:10     | Identified the Catalogue of Companions and the Traveller
 17172 | D:10     | Got a clouded tin ring
 17173 | D:10     | Identified the ring "Qickaetz" {Str+4 Int-3 Dex+3 SInv}
                  | (You found it on level 10 of the Dungeon)
 17176 | D:10     | Identified a scroll of acquirement
 17611 | D:11     | Found a staircase to the Lair.
 18021 | D:11     | Noticed a two-headed ogre
 18031 | D:11     | Killed a two-headed ogre
 18031 | D:11     | Reached ***** piety under Okawaru
 18031 | D:11     | Received a gift from Okawaru
 18057 | D:11     | Found Qyuc's Gadget Shop.
 18062 | D:11     | Bought a wand of acid (7) for 264 gold pieces
 18062 | D:11     | Bought a wand of iceblast (5) for 108 gold pieces
 18239 | D:11     | Reached skill level 10 in Fighting
 19657 | Lair:1   | Entered Level 1 of the Lair of Beasts
 19687 | Lair:1   | Received a gift from Okawaru
 19907 | Lair:1   | Reached skill level 5 in Dodging
 21247 | Lair:2   | Received a gift from Okawaru
 21251 | Lair:2   | Got a slimy fustibalus {god gift}
 21252 | Lair:2   | Identified the +1 fustibalus of Upheaval {flame, rElec
                  | Str+2} (Okawaru gifted it to you on level 2 of the Lair of
                  | Beasts)
 21865 | Lair:2   | Reached skill level 11 in Fighting
 21865 | Lair:2   | Reached XP level 13. HP: 95/95 MP: 19/19
 22284 | Lair:3   | Found a staircase to the Snake Pit.
 22289 | Lair:3   | Noticed an eight-headed hydra
 22301 | Lair:3   | Killed an eight-headed hydra
 22374 | Lair:3   | Found a frozen archway.
 22394 | IceCv    | Entered an ice cave
 22403 | IceCv    | Received a gift from Okawaru
 22513 | IceCv    | Received a gift from Okawaru
 22725 | IceCv    | Reached skill level 10 in Invocations
 22757 | IceCv    | Noticed an ice dragon
 22776 | IceCv    | Killed an ice dragon
 22789 | IceCv    | Noticed an ice dragon
 22790 | IceCv    | Found the ring of the Mage {Wiz MR++ Int+3}
 22798 | IceCv    | Killed an ice dragon
 22859 | IceCv    | Got a slimy steel ring
 22861 | IceCv    | Identified the ring of Gozag's Generosity {MR+ Int+5 Dex+5}
                  | (You found it in an ice cave)
 23284 | Lair:3   | Reached skill level 12 in Fighting
 23499 | Lair:3   | You fall through a shaft for 3 floors!
 23499 | Lair:6   | Entered Level 6 of the Lair of Beasts
 23533 | Lair:6   | Received a gift from Okawaru
 23928 | Lair:4   | Noticed Sonja
 23937 | Lair:4   | Killed Sonja
 23937 | Lair:4   | Reached skill level 13 in Fighting
 24176 | Lair:4   | Noticed a fire dragon
 24193 | Lair:4   | Reached XP level 14. HP: 93/106 MP: 12/21
 24353 | Lair:4   | Received a gift from Okawaru
 25244 | Lair:3   | Found a staircase to the Swamp.
 25536 | Lair:4   | Noticed Kirke
 25568 | Lair:4   | Killed Kirke
 25568 | Lair:4   | Reached skill level 14 in Fighting
 27251 | Lair:5   | Received a gift from Okawaru
 27805 | Lair:6   | Reached ****** piety under Okawaru
 27817 | Lair:6   | Reached skill level 10 in Armour
 28041 | Lair:6   | Received a gift from Okawaru
 28119 | Lair:6   | Reached skill level 15 in Fighting
 28183 | Lair:6   | Reached XP level 15. HP: 76/116 MP: 16/22
 28792 | Lair:6   | Received a gift from Okawaru
 28958 | Lair:6   | Received a gift from Okawaru
 29090 | Lair:6   | Found a staircase to the Slime Pits.
 29090 | Lair:6   | Found a viscous altar of Jiyva.
 30001 | D:12     | Found a runed translucent gate.
 30001 | D:12     | Found a runed translucent gate.
 30001 | D:12     | Found a runed translucent gate.
 30006 | D:12     | Noticed theswoord's ghost (novice DsAK)
 30007 | D:12     | Found an iron altar of Okawaru.
 30237 | D:12     | Found a staircase to the Orcish Mines.
 30513 | D:13     | Found a runed translucent door.
 30860 | D:13     | Noticed Snorg
 30866 | D:13     | Killed Snorg
 30938 | D:13     | Reached skill level 16 in Fighting
 31536 | D:13     | Identified the +5 spear "Fenorghe" {drain, rPois}
 31830 | D:13     | Noticed Gonodgh's ghost (journeyman MiFi)
 31909 | D:14     | Found a glowing silver altar of Zin.
 31972 | D:14     | Found a shattered altar of Ashenzari.
 32213 | D:14     | Received a gift from Okawaru
 32238 | D:14     | Reached XP level 16. HP: 119/124 MP: 23/23
 32383 | D:14     | Noticed Agnes
 32404 | D:14     | Killed Agnes
 32587 | D:14     | Found a gate to the Vaults.
 32808 | D:15     | Entered Level 15 of the Dungeon
 33050 | D:15     | Received a gift from Okawaru
 33061 | D:15     | Got a pitted hunting sling {god gift}
 33278 | D:15     | Reached skill level 10 in Dodging
 33484 | D:15     | Found a sparkling altar of Nemelex Xobeh.
 33544 | D:15     | Found a staircase to the Depths.
 33613 | D:15     | Identified the +8 hunting sling "Goggymat" {freeze,
                  | *Corrode *Slow rElec Str+10} (Okawaru gifted it to you on
                  | level 15 of the Dungeon)
 33699 | Orc:1    | Entered Level 1 of the Orcish Mines
 33699 | Orc:1    | Found Systrio's General Store.
 33730 | Orc:1    | Bought a scroll of teleportation for 36 gold pieces
 33782 | Orc:1    | Received a gift from Okawaru
 33812 | Orc:1    | Reached skill level 17 in Fighting
 33821 | Orc:1    | Found Bif Emm's Assorted Antiques.
 34023 | Orc:1    | Found Nadigh's Assorted Antiques.
 34100 | Orc:1    | Found Qysist's Gadget Emporium.
 34332 | Orc:2    | Entered Level 2 of the Orcish Mines
 34406 | Orc:2    | Found Hoerofab's Weapon Boutique.
 34410 | Orc:2    | Found a staircase to the Elven Halls.
 34498 | Orc:2    | Received a gift from Okawaru
 34501 | Orc:2    | Got a brightly glowing plate armour {god gift}
 34647 | Orc:1    | Found Jicaman's Gadget Shop.
 35067 | Orc:2    | Found Duddevve's Distillery.
 35074 | Orc:2    | Found Mevan's Distillery.
 36216 | Orc:2    | Reached XP level 17. HP: 85/133 MP: 16/24
 36444 | Orc:2    | Found Vacwuet's Antique Weapon Emporium.
 36444 | Orc:2    | Found Ynadom's Gadget Shoppe.
 36444 | Orc:2    | Found a one-way gate leading to the halls of Pandemonium.
 36513 | Orc:2    | Identified the +0 plate armour "Umiah" {Int-5 Dex+8}
                  | (Okawaru gifted it to you on level 2 of the Orcish Mines)
 36560 | Orc:2    | Bought a potion of experience for 700 gold pieces
 36560 | Orc:2    | Bought a potion of heal wounds for 70 gold pieces
 36560 | Orc:2    | Bought a potion of haste for 140 gold pieces
 36560 | Orc:2    | Bought a potion of haste for 140 gold pieces
 36560 | Orc:2    | Reached skill level 5 in Evocations
 36560 | Orc:2    | Reached XP level 18. HP: 140/140 MP: 25/25
 36617 | Orc:1    | Bought a golden ring for 135 gold pieces
 36617 | Orc:1    | Bought a scroll of identify for 54 gold pieces
 36638 | Orc:1    | Bought a shiny sapphire ring for 140 gold pieces
 36807 | Lair:6   | Got a smoking hat {god gift}
 36808 | Lair:6   | Identified the +0 hat of the Gate {*Drain +Blink Int+6
                  | SInv} (Okawaru gifted it to you on level 6 of the Lair of
                  | Beasts)
 37143 | D:8      | Bought a shiny chain mail for 240 gold pieces
 37177 | D:8      | Bought a runed plate armour for 832 gold pieces
 37381 | Swamp:1  | Entered Level 1 of the Swamp
 37391 | Swamp:1  | Got a fine scale mail
 37410 | Swamp:1  | Identified the +6 scale mail "Woeman" {Regen+} (You found
                  | it on level 1 of the Swamp)
 38559 | Swamp:2  | Reached skill level 18 in Fighting
 38665 | Swamp:2  | Received a gift from Okawaru
 39043 | Swamp:2  | Received a gift from Okawaru
 39048 | Swamp:2  | Got a transparent fustibalus {god gift}
 39049 | Swamp:2  | Identified the +8 fustibalus of Jilonik {freeze, *Contam
                  | rF+ MR+ Str+3} (Okawaru gifted it to you on level 2 of the
                  | Swamp)
 40404 | Swamp:4  | Entered Level 4 of the Swamp
 40520 | Swamp:4  | Received a gift from Okawaru
 40617 | Swamp:4  | Received a gift from Okawaru
 40756 | Swamp:4  | Received a gift from Okawaru
 40767 | Swamp:4  | Reached XP level 19. HP: 84/148 MP: 24/26
 40780 | Swamp:4  | Reached skill level 19 in Fighting
 40803 | Swamp:4  | Received a gift from Okawaru
 41128 | Swamp:4  | Received a gift from Okawaru
 41272 | Swamp:4  | Found a basalt altar of Yredelemnul.
 41440 | Swamp:4  | Received a gift from Okawaru
 41916 | Swamp:4  | Got a decaying rune of Zot
 42295 | Snake:1  | Entered Level 1 of the Snake Pit
 42335 | Snake:1  | Gained mutation: You have a beak for a mouth. [mutagenic
                  | glow]
 42538 | Snake:1  | Reached skill level 15 in Armour
 42627 | Snake:1  | Found Ulyuff's Antique Weapon Emporium.
 44428 | Snake:2  | Noticed Saint Roka
 44443 | Snake:2  | Killed Saint Roka
 44554 | Snake:2  | Found a transporter.
 44575 | Snake:2  | Received a gift from Okawaru
 44773 | Snake:2  | Received a gift from Okawaru
 44781 | Snake:2  | Got a distressingly furry cloak {god gift}
 45023 | Snake:2  | Noticed Uhlv's ghost (adept TrWn)
 45035 | Snake:2  | Found a transporter.
 45391 | Snake:1  | Reached XP level 20. HP: 158/158 MP: 27/27
 45654 | Snake:2  | Identified the +0 cloak of Cowardice {*Corrode rF+ rC-
                  | rN+++} (Okawaru gifted it to you on level 2 of the Snake
                  | Pit)
 45725 | Snake:3  | Reached skill level 20 in Fighting
 45821 | Snake:3  | Found Pifyib's General Store.
 45834 | Snake:3  | Bought a scroll of identify for 40 gold pieces
 47205 | Snake:4  | Entered Level 4 of the Snake Pit
 47480 | Snake:4  | Found Ajuleoll's Assorted Antiques.
 48250 | Snake:4  | Received a gift from Okawaru
 48943 | Snake:4  | Got a serpentine rune of Zot
 49643 | D:7      | Killed happinesssam's ghost
 49780 | D:11     | Learned a level 1 spell: Apportation
 49843 | D:12     | Reached XP level 21. HP: 162/165 MP: 28/28
 49865 | D:12     | Killed theswoord's ghost
 50027 | D:13     | Killed Gonodgh's ghost
 50262 | Vaults:1 | Entered Level 1 of the Vaults
 50631 | Vaults:1 | Received a gift from Okawaru
 51969 | Vaults:1 | Reached skill level 21 in Fighting
 52308 | Vaults:1 | You are sucked into a shaft!
 52418 | Vaults:1 | You are sucked into a shaft!
 52943 | Vaults:2 | Noticed Nikola
 53040 | Vaults:2 | Received a gift from Okawaru
 53234 | Vaults:2 | Reached skill level 10 in Shields
 53673 | Vaults:2 | Found a staircase to the Crypt.
 53818 | Vaults:2 | Received a gift from Okawaru
 54166 | Vaults:2 | Reached XP level 22. HP: 174/174 MP: 29/29
 54279 | Vaults:2 | Killed Nikola
 54625 | Vaults:2 | Learned a level 2 spell: Blink
 55249 | Vaults:3 | Received a gift from Okawaru
 55461 | Vaults:3 | Received a gift from Okawaru
 55796 | Vaults:3 | Noticed Jory
 55816 | Vaults:3 | Received a gift from Okawaru
 57253 | Vaults:3 | Killed Jory
 57799 | Vaults:4 | Found Xadottam's Gadget Shop.
 57998 | Vaults:4 | Reached XP level 23. HP: 180/180 MP: 30/30
 58173 | Vaults:4 | Noticed Margery
 58329 | Vaults:4 | Killed Margery
 58329 | Vaults:4 | Received a gift from Okawaru
 58656 | Vaults:4 | Found a hide-covered altar of Uskayaw.
 59149 | Vaults:4 | Received a gift from Okawaru
 59889 | Depths:1 | Entered Level 1 of the Depths
 60005 | Depths:1 | Reached skill level 15 in Shields
 60035 | Depths:1 | Found a gateway to a ziggurat.
 60037 | Depths:1 | Found a runed translucent door.
 60381 | Depths:1 | Found a one-way gate to the infinite horrors of the Abyss.
 60466 | Depths:1 | Received a gift from Okawaru
 61052 | Depths:1 | Received a gift from Okawaru
 61061 | Depths:1 | Got a pair of transparent gloves {god gift}
 61062 | Depths:1 | Identified the +0 pair of gloves "Tyxzuigo" {rElec rF+
                  | Str+5} (Okawaru gifted it to you on level 1 of the Depths)
 61118 | Depths:1 | Found a gateway to Hell.
 62652 | Depths:2 | Reached skill level 22 in Fighting
 63342 | Depths:1 | Reached XP level 24. HP: 155/189 MP: 24/30
 63751 | Depths:2 | Received a gift from Okawaru
 63800 | Depths:2 | Identified Roibb's Handbook of Darkness
 64192 | Depths:2 | Noticed an ancient lich
 64861 | Depths:2 | Killed an ancient lich
 64861 | Depths:2 | Received a gift from Okawaru
 65152 | Depths:2 | Received a gift from Okawaru
 65469 | Depths:2 | Noticed a golden dragon
 65488 | Depths:2 | Killed a golden dragon
 65523 | Depths:2 | Received a gift from Okawaru
 65976 | Depths:2 | Identified the Volume of Toxic Transmigration
 66119 | Depths:2 | Noticed a caustic shrike
 66137 | Depths:2 | Killed a caustic shrike
 67617 | Depths:2 | Reached XP level 25. HP: 183/197 MP: 28/30
 69458 | Depths:3 | Found a portal to a secret trove of treasure.
 70117 | Depths:3 | You paid a toll of +2 shadow dragon scales to enter a
                  | treasure trove
 70118 | Trove    | Entered a treasure trove
 70156 | Trove    | Identified Akytiuxt's Incunabulum of the Blaze and Creation
 70290 | Depths:3 | Received a gift from Okawaru
 70299 | Depths:3 | Identified the +2 chain mail of the Albatross {Int+6}
                  | (Okawaru gifted it to you on level 3 of the Depths)
 71054 | Depths:4 | Found Pagru's Jewellery Boutique.
 71128 | Depths:4 | Found Wuorew's Gadget Shoppe.
 71129 | Depths:4 | Found Petyh's Jewellery Boutique.
 71141 | Depths:4 | Bought the cursed ring of Wufyuph {*Contam rF+ rC+ Dex-3}
                  | for 261 gold pieces
 71640 | Depths:4 | Reached skill level 23 in Fighting
 71682 | Depths:4 | Noticed a caustic shrike
 71900 | Depths:4 | Killed a caustic shrike
 72131 | Depths:4 | Identified the ring of Divine Compulsion {Fire Str+9 Int-3}
 72210 | Depths:4 | Noticed a juggernaut
 72231 | Depths:4 | Killed a juggernaut
 72919 | Depths:5 | Entered Level 5 of the Depths
 73013 | Depths:4 | Received a gift from Okawaru
 73485 | Depths:5 | Received a gift from Okawaru
 73611 | Depths:5 | Reached XP level 26. HP: 201/206 MP: 29/30
 75008 | Depths:5 | Found a gate to the Realm of Zot.
 75669 | Elf:1    | Entered Level 1 of the Elven Halls
 75894 | Elf:1    | Found Vuoczing's Book Boutique.
 76249 | Elf:1    | You are sucked into a shaft!
 77630 | Elf:2    | Identified the +5 rapier of Tomorrow {antimagic, rF+ Str+2
                  | Int+7}
 77630 | Elf:2    | Identified the cursed +3 rapier of Blood-Lust {vamp, rF+
                  | Str+4 Int+2}
 77630 | Elf:2    | Identified the +8 longbow "Padim" {freeze, Int+4}
 77630 | Elf:2    | Noticed Fuonemn's ghost (veteran DDBe)
 77631 | Elf:2    | Identified the +4 rapier of Duty {distort, +Rage}
 77631 | Elf:2    | Identified the +3 rapier of Gluttony {pierce, +Inv}
 77642 | Elf:2    | Found a transporter.
 77659 | Elf:2    | Found a bloodstained altar of Trog.
 77671 | Elf:2    | Found a transporter.
 77855 | Elf:2    | Found a runed translucent gate.
 77855 | Elf:2    | Found a runed translucent gate.
 77855 | Elf:2    | Found a runed translucent gate.
 77928 | Elf:2    | Found Inol's General Store.
 78214 | Elf:3    | Entered Level 3 of the Elven Halls
 78562 | Elf:3    | Found a magical portal.
 78596 | WizLab   | Entered Wucad Mu's Monastery
 79213 | Elf:3    | Received a gift from Okawaru
 79214 | Elf:3    | Got a fine spear {god gift}
 79910 | Elf:3    | Identified the cursed +3 dire flail of Zestrian {venom,
                  | +Blink rPois rF+}
 80465 | Elf:3    | Identified the ring of Serekkirr {Ice Int+7}
 80470 | Elf:3    | Received a gift from Okawaru
 80579 | Elf:3    | Reached skill level 24 in Fighting
 80579 | Elf:3    | Reached XP level 27. HP: 192/214 MP: 28/30
 80589 | Elf:3    | Identified the +7 war axe of Light {chop, *Corrode rC-
                  | Int+8}
 81171 | Snake:3  | Bought a scroll of acquirement for 1040 gold pieces
 81962 | Vaults:5 | Entered Level 5 of the Vaults
 82033 | Vaults:5 | Noticed Xtahua
 82059 | Vaults:5 | Killed Xtahua
 83943 | Vaults:5 | Received a gift from Okawaru
 84109 | Vaults:5 | Reached skill level 15 in Dodging
 84180 | Vaults:5 | Received a gift from Okawaru
 84218 | Vaults:5 | Noticed an ancient lich
 84246 | Vaults:5 | Killed an ancient lich
 84253 | Vaults:5 | Got a crystal fustibalus {god gift}
 84257 | Vaults:5 | Identified the +10 fustibalus of Suqemmyst {flame, Str+3}
                  | (Okawaru gifted it to you on level 5 of the Vaults)
 84405 | Vaults:5 | Identified the ring of the Sun {rPois rC- Int+2 Stlth+}
 84655 | Vaults:5 | Identified the +5 rapier of Circularity {holy, rF+}
 84726 | Vaults:5 | Identified the ring "Nofieviw" {rElec AC+2}
 84955 | Vaults:5 | Got a silver rune of Zot
 85051 | Vaults:5 | Received a gift from Okawaru
 85836 | Orc:2    | Bought a potion of heal wounds for 70 gold pieces
 85836 | Orc:2    | Bought a potion of mutation for 112 gold pieces
 85836 | Orc:2    | Bought a potion of might for 56 gold pieces
 85836 | Orc:2    | Bought a potion of agility for 56 gold pieces
 85836 | Orc:2    | Bought a potion of resistance for 140 gold pieces
 85836 | Orc:2    | Bought a potion of might for 56 gold pieces
 85836 | Orc:2    | Bought a potion of curing for 42 gold pieces
 86088 | Snake:4  | Bought a potion of might for 124 gold pieces
 86088 | Snake:4  | Bought a potion of heal wounds for 155 gold pieces
 86338 | Orc:2    | Bought 2 potions of curing for 84 gold pieces
 86338 | Orc:2    | Bought a potion of curing for 42 gold pieces
 86338 | Orc:2    | Bought a potion of berserk rage for 70 gold pieces
 86338 | Orc:2    | Bought a potion of resistance for 140 gold pieces
 86338 | Orc:2    | Bought a potion of berserk rage for 70 gold pieces
 86629 | Zot:1    | Entered Level 1 of the Realm of Zot
 86639 | Zot:1    | Received a gift from Okawaru
 86820 | Zot:1    | Noticed an orb of fire
 86859 | Zot:1    | Killed an orb of fire
 86859 | Zot:1    | Received a gift from Okawaru
 87308 | Zot:1    | Noticed an orb of fire
 87316 | Zot:1    | Gained mutation: You are frail. (-10% HP) [an orb of fire]
 87333 | Zot:1    | Killed an orb of fire
 87401 | Zot:1    | Noticed an orb of fire
 87576 | Zot:1    | Received a gift from Okawaru
 87576 | Zot:1    | Reached skill level 25 in Fighting
 88872 | Zot:1    | Gained mutation: You are very frail. (-20% HP) [an orb of
                  | fire]
 88886 | Zot:1    | Killed an orb of fire
 89018 | Zot:1    | Lost mutation: You are very frail. (-20% HP) [potion of
                  | mutation]
 89018 | Zot:1    | Lost mutation: You are frail. (-10% HP) [potion of
                  | mutation]
 89018 | Zot:1    | Gained mutation: You are robust. (+10% HP) [potion of
                  | mutation]
 90060 | Zot:2    | Noticed an orb of fire
 90062 | Zot:2    | Lost mutation: You are robust. (+10% HP) [an orb of fire]
 90108 | Zot:2    | Gained mutation: You are dopey. (Int -2) [an orb of fire]
 90119 | Zot:2    | Killed an orb of fire
 90491 | Zot:2    | Noticed an orb of fire
 90514 | Zot:2    | Killed an orb of fire
 91001 | Zot:2    | Noticed a Killer Klown
 91015 | Zot:2    | Killed a Killer Klown
 91025 | Zot:2    | Noticed a Killer Klown
 91033 | Zot:2    | Killed a Killer Klown
 91033 | Zot:2    | Received a gift from Okawaru
 91922 | Zot:3    | Received a gift from Okawaru
 92401 | Zot:3    | Received a gift from Okawaru
 92782 | Zot:3    | Received a gift from Okawaru
 92915 | Zot:3    | Received a gift from Okawaru
 94634 | Zot:3    | Noticed a Killer Klown
 94664 | Zot:3    | Killed a Killer Klown
 95116 | Zot:3    | Received a gift from Okawaru
 96568 | Zot:3    | Received a gift from Okawaru
 96970 | Zot:4    | Reached skill level 26 in Fighting
 98278 | Zot:4    | Got a pitted silver ring
 98279 | Zot:4    | Identified the ring of Doubts {*Slow +Inv rN+ MR+ Int+2}
                  | (You found it on level 4 of the Realm of Zot)
 98362 | Zot:5    | Entered Level 5 of the Realm of Zot
 99027 | Zot:5    | Received a gift from Okawaru
 99423 | Zot:5    | Noticed an ancient lich
 99465 | Zot:5    | Killed an ancient lich
 99786 | Zot:5    | Received a gift from Okawaru
 99794 | Zot:5    | Noticed an ancient lich
 99812 | Zot:5    | Killed an ancient lich
 99963 | Zot:5    | Noticed a Killer Klown
 99979 | Zot:5    | Noticed an orb of fire
100001 | Zot:5    | Killed an orb of fire
100005 | Zot:5    | Killed a Killer Klown
100086 | Zot:5    | Noticed a Killer Klown
100089 | Zot:5    | a Killer Klown changed into an iron dragon
100192 | Zot:5    | Received a gift from Okawaru
100194 | Zot:5    | Noticed an ancient lich
100215 | Zot:5    | Killed an ancient lich
100219 | Zot:5    | Noticed a Killer Klown
100232 | Zot:5    | Killed a Killer Klown
100271 | Zot:5    | Noticed a Killer Klown
100283 | Zot:5    | Killed a Killer Klown
100802 | Zot:5    | Noticed an orb of fire
100825 | Zot:5    | Noticed an ancient lich
100828 | Zot:5    | Noticed an orb of fire
100830 | Zot:5    | Noticed a Killer Klown
100833 | Zot:5    | Gained mutation: Armour fits poorly on your strangely
                  | shaped body. [an orb of fire]
100833 | Zot:5    | Noticed a Killer Klown
100834 | Zot:5    | Killed an orb of fire
100834 | Zot:5    | Received a gift from Okawaru
100847 | Zot:5    | Noticed a Killer Klown
100858 | Zot:5    | Noticed an ancient lich
100867 | Zot:5    | Killed an ancient lich
100882 | Zot:5    | Gained mutation: Your muscles are strong. (Str +2) [an orb
                  | of fire]
100886 | Zot:5    | Gained mutation: You are clumsy. (Dex -2) [an orb of fire]
100889 | Zot:5    | Gained mutation: You are occasionally teleported next to
                  | monsters. [an orb of fire]
100890 | Zot:5    | Killed an orb of fire
100897 | Zot:5    | Killed an ancient lich
100945 | Zot:5    | Killed a Killer Klown
100969 | Zot:5    | Killed a Killer Klown
100969 | Zot:5    | Reached skill level 27 in Fighting
100983 | Zot:5    | Killed a Killer Klown
100983 | Zot:5    | Received a gift from Okawaru
100985 | Zot:5    | Lost mutation: You are clumsy. (Dex -2) [potion of
                  | mutation]
100985 | Zot:5    | Lost mutation: Armour fits poorly on your strangely shaped
                  | body. [potion of mutation]
100986 | Zot:5    | Lost mutation: You are dopey. (Int -2) [potion of mutation]
100986 | Zot:5    | Lost mutation: Your muscles are strong. (Str +2) [potion of
                  | mutation]
100986 | Zot:5    | Lost mutation: You are occasionally teleported next to
                  | monsters. [potion of mutation]
100986 | Zot:5    | Gained mutation: Your flesh is heat resistant. (rF+)
                  | [potion of mutation]
100986 | Zot:5    | Gained mutation: You expend magic power (3 MP) to
                  | strengthen your wands. [potion of mutation]
100986 | Zot:5    | Gained mutation: Your flesh is very heat resistant. (rF++)
                  | [potion of mutation]
101046 | Zot:5    | Noticed an ancient lich
101058 | Zot:5    | Killed an ancient lich
101873 | Zot:5    | Got the Orb of Zot
101903 | Zot:5    | Noticed Ziwir the pandemonium lord
101995 | Zot:4    | Received a gift from Okawaru
102360 | D:12     | Noticed Otyacwik the pandemonium lord
102360 | D:12     | Noticed an ancient lich
102407 | D:10     | Noticed Gantedae the pandemonium lord
102414 | D:10     | Noticed Befesodgh the pandemonium lord
102563 | D:$      | Escaped with the Orb!

Skill      XL: |  1  2  3  4  5  6  7  8  9 10 11 12 13 14 15 16 17 18 19 20 21 22 23 24 25 26 27 |
---------------+----------------------------------------------------------------------------------+-----
Fighting       | 1 2 3 4 5 7 9 11 13 15 16 17 18 19 20 21 22 23 24 27 | 27.0
Spellcasting   | 2 |  2.0
Slings         | 3 4 5 7 9 12 14 | 14.0
Armour         | 1 2 3 6 8 9 10 11 13 14 15 16 17 18 19 20 21 26 | 26.2
Shields        | 1 2 4 5 10 13 16 18 19 20 21 | 21.0
Invocations    | 1 5 7 8 10 | 10.0
Dodging        | 3 5 7 9 10 12 13 21 | 21.6
Evocations     | 5 |  5.4
Stealth        | |  2.1
Transmutations | |  0.5
Earth Magic    | |  3.8

Action                   |  1- 3 |  4- 6 |  7- 9 | 10-12 | 13-15 | 16-18 | 19-21 | 22-24 | 25-27 || total
-------------------------+-------+-------+-------+-------+-------+-------+-------+-------+-------++-------
Melee: Short sword       |    43 |    17 |   200 |   279 |       |       |       |       |       ||   539
       Unarmed           |       |       |       |       |    14 |       |       |       |       ||    14
 Fire: Hunting sling     |    25 |   371 |   507 |   881 |       |       |       |       |       ||  1784
       Blowgun           |       |       |       |    27 |       |       |       |       |       ||    27
       Fustibalus        |       |       |       |    91 |  1585 |  1504 |  2641 |  2566 |  5356 || 13743
 Cast: Sandblast         |    20 |       |       |       |       |       |       |       |       ||    20
Invok: Heroism           |       |       |     1 |     5 |     9 |    12 |     9 |    17 |    33 ||    86
       Finesse           |       |       |       |       |     4 |       |       |     2 |     7 ||    13
 Abil: Stop Flying       |       |       |       |       |       |       |       |       |     1 ||     1
Evoke: Wand              |       |       |       |       |     1 |     1 |     1 |     5 |    13 ||    21
  Use: Scroll            |     2 |       |    14 |    11 |     5 |     6 |     8 |    11 |    37 ||    94
       Potion            |       |       |       |     1 |     1 |     4 |       |     2 |    39 ||    47
 Stab: Sleeping          |     3 |       |       |       |       |       |       |       |       ||     3
  Eat: Chunk             |     3 |     6 |    14 |    27 |    30 |    19 |    16 |    18 |    37 ||   170
       Ration            |       |       |     2 |     2 |       |     2 |     6 |     6 |    22 ||    40
Armor: Robe              |     1 |       |       |       |       |       |       |       |       ||     1
       Scale mail        |       |   117 |    99 |   161 |    14 |    76 |     1 |       |       ||   468
       Ice dragon scales |       |       |       |       |   161 |    68 |       |       |       ||   229
       Skin              |       |       |       |       |    18 |       |       |       |       ||    18
       Swamp dragon scal |       |       |       |       |       |       |   123 |       |       ||   123
       Plate armour      |       |       |       |       |       |       |   126 |   368 |   237 ||   731
       Gold dragon scale |       |       |       |       |       |       |       |       |   640 ||   640
Dodge: Dodged            |    48 |   220 |   126 |   248 |   346 |   285 |   625 |   729 |  1029 ||  3656
Block: Buckler           |       |     9 |   128 |   320 |   372 |   343 |   614 |   656 |       ||  2442
       Reflection        |       |       |     3 |    19 |    14 |    40 |    83 |    66 |   115 ||   340
       Other             |       |       |       |       |     3 |       |       |       |       ||     3
       Shield            |       |       |       |       |       |       |    14 |   359 |  2465 ||  2838
